 Dungeon Sprint DCSS version 0.17-a0-1210-g1e4f09d (webtiles) character file.

4620 Kidiri the Unseen (level 10, -1/58 HPs)
             Began as a Spriggan Assassin on June 3, 2015.
             Was a High Priest of Dithmenos.
             Slain by a frost giant
             ... wielding a +1 battleaxe of freezing
              (3 damage)
             ... in the Dungeon (Sprint V: "Ziggurat Sprint").
             The game lasted 00:10:41 (833 turns).

Kidiri the Unseen (Spriggan Assassin)                Turns: 833, Time: 00:10:41

Health: -1/58      AC:  7    Str: 11    XL:     10   Next: 19%
Magic:  6/11       EV: 39    Int: 12    God:    Dithmenos [*****.]
Gold:   0          SH:  0    Dex: 38    Spells: 0 memorised, 9 levels left

rFire  . . .     SeeInvis +     L - +5 rapier (pierce)
rCold  + . .     Clarity  +     c - +2 robe
rNeg   + . .     SustAt   .     (shield restricted)
rPois  .         Gourm    .     (helmet restricted)
rElec  .         Spirit   .     d - +2 cloak
rCorr  .         Warding  .     (gloves unavailable)
rMut   .         NoTele   +     (boots unavailable)
MR     ++++.                    M - amulet of the Four Winds {Clar rN+ MR+++}
Stlth  ++++++++++               a - ring "Weuff" {rC+ Str+4 Dex+10}
                                D - +6 ring of dexterity

@: lethally poisoned (-1 -> -14), exhausted, slowed, wreathed by umbra, quick,
incredibly resistant to hostile enchantments, uncannily stealthy
A: unfitting armour, see invisible, herbivore 3, speed 3, slow metabolism 2
a: Shadow Step, Shadow Form, Renounce Religion


You were in the Dungeon.
You worshipped Dithmenos.
Dithmenos was extremely pleased with you.
You were not hungry.

You visited 1 branch

Inventory:

Hand weapons
 b - a +0 blowgun
 J - a +5 dagger of venom
 K - a +5 quick blade of freezing
 L - a +5 rapier of piercing (weapon)
Missiles
 e - 5 poisoned needles
Armour
 c - a +2 robe (worn)
 d - a +2 cloak (worn)
Jewellery
 a - the ring "Weuff" (right hand) {rC+ Str+4 Dex+10}
   (You found it in the Dungeon)

   [ring of protection from cold]

   It affects your strength (+4).
   It affects your dexterity (+10).
   It protects you from cold.
 D - a +6 ring of dexterity (left hand)
 E - a +6 ring of dexterity
 F - a +6 ring of intelligence
 G - a +6 ring of intelligence
 H - a +6 ring of strength
 I - a +6 ring of strength
 M - the amulet of the Four Winds (around neck) {Clar rN+ MR+++}
   (You found it in the Dungeon)

   [amulet of clarity]

   It provides mental clarity.
   It protects you from negative energy.
   It affects your resistance to hostile enchantments.
 N - an uncursed ring of stealth
Magical devices
 q - a wand of disintegration (7)
 B - a wand of cold (5)
 C - a wand of draining (5)
Scrolls
 m - 4 scrolls of blinking
 t - 4 scrolls of amnesia
 u - 3 scrolls of recharging
 v - 7 scrolls of fog
 w - a scroll of holy word
 x - 5 scrolls of identify
 y - 5 scrolls of remove curse
 z - 2 scrolls of fear
Potions
 h - 8 potions of curing
 i - a potion of heal wounds
 j - 6 potions of haste
 k - 7 potions of magic
 l - a potion of berserk rage
 n - 2 potions of brilliance
 o - 2 potions of invisibility
 p - 4 potions of resistance
 r - 5 potions of agility
 s - 5 potions of might
Comestibles
 g - 5 bread rations
 A - 42 fruits


   Skills:
 * Level 9.6 Fighting
 * Level 11.3 Short Blades
 * Level 11.5 Throwing
 * Level 15.0 Dodging
 * Level 17.5 Stealth


You had 9 spell levels left.
You didn't know any spells.

Dungeon Overview and Level Annotations

Branches:
Dungeon (1/1)

Altars:
Ashenzari
Cheibriados
Dithmenos
Elyvilon
Fedhas
Gozag
Kikubaaqudgha
Makhleb
Nemelex Xobeh
Okawaru
Qazlal
Ru
Sif Muna
Trog
Vehumet
Xom
Yredelemnul
Zin
The Shining One
Beogh
Jiyva
Lugonu


Innate Abilities, Weirdness & Mutations

You are tiny and cannot use many weapons and most armour.
You have supernaturally acute eyesight.
You are a herbivore.
You cover ground extremely quickly.
You need consume almost no food.


Message History

The ogre mage hits you with an enchanted whip!
The vault guard barely misses you.
Drink which item? (? for menu, Esc to quit)
You feel much better. The ogre mage barely misses you.
The ice dragon misses you. x2
The ice dragon completely misses you. The vault guard misses you.
The frost giant casts a spell at you. The bolt of cold misses you.
The ogre mage completely misses you.
You hit the hornet but do no damage.
The hornet is heavily wounded.
The hornet completely misses you. The ice dragon completely misses you.
The ice dragon closely misses you. x2
The hornet stings you!!
You are poisoned.
You feel as though you will be slow longer.
The frost giant hits you with a battleaxe of freezing!!
Ouch! That really hurt!
* * * LOW HITPOINT WARNING * * *
You emit a cloud of dark smoke.
The frost giant freezes you.
You die...

▓▓▓▓▓▓▓▓▓▓▓▓▓▓▓▓▓▓▓
▓...8©8...▓..8©8..▓
▓..?:::...▓..:.)..▓
▓...}[)...▓...)}..▓
▓.........▓.......▓
▓.........▓.......▓
▓.........▓.......▓
▓.....yC..▓.......▓
▓.▓..§@p▓§▓.▓...▓.▓
▓....§OD§.▓.......▓
▓▓▓▓▓▓▓▓▓▓▓▓▓▓▓▓▓▓▓
▓..8©8..▓ ▓..))}..▓
▓..[}...▓ ▓.......▓
▓.......▓ ▓.......▓


You could see a frost giant, an ice dragon, a vault guard, an ogre mage
(invisible) and a hornet.

Vanquished Creatures
  A vault guard (D)
  An orc knight (D)
  An ugly thing (D)
  2 shining eyes (D)
  A slime creature (D)
  A spriggan (shapeshifter) (D)
  A trapdoor spider (shapeshifter) (D)
  A yak (shapeshifter) (D)
  2 golden eyes (D)
  4 deep elf magi (D)
  A water moccasin (D)
  2 hell hounds (D)
  2 eyes of draining (D)
  A crimson imp (D)
  5 jellies (D)
  A quasit (D)
  An iron imp (D)
  An ufetubus (D)
  2 adder skeletons (D)
  A ball python (D)
32 creatures vanquished.

Notes
Turn   | Place    | Note
--------------------------------------------------------------
     0 | D        | Kidiri the Spriggan Assassin began the quest for the Orb.
     0 | D        | Reached XP level 1. HP: 10/10 MP: 2/2
     0 | D        | Found an iron altar of Okawaru.
     0 | D        | Found a burning altar of Makhleb.
     0 | D        | Found a radiant altar of Vehumet.
     0 | D        | Found a deep blue altar of Sif Muna.
     0 | D        | Found a shimmering altar of Xom.
     1 | D        | Found a roughly hewn altar of Beogh.
     1 | D        | Found a corrupted altar of Lugonu.
     1 | D        | Found a viscous altar of Jiyva.
     1 | D        | Found a white marble altar of Elyvilon.
     1 | D        | Found a sparkling altar of Nemelex Xobeh.
     1 | D        | Found a bloodstained altar of Trog.
     7 | D        | Reached skill level 5 in Dodging
     7 | D        | Reached skill level 10 in Stealth
     7 | D        | Reached XP level 2. HP: 13/16 MP: 3/3
    16 | D        | Became a worshipper of Dithmenos the Shadowed
    83 | D        | Entered arena 1.
    83 | D        | Noticed a water moccasin
   105 | D        | Killed a water moccasin
   105 | D        | Reached skill level 11 in Stealth
   105 | D        | Reached XP level 3. HP: 16/21 MP: 4/4
   105 | D        | Reached XP level 4. HP: 19/26 MP: 5/5
   112 | D        | Got the ring "Weuff" {rC+ Str+4 Dex+10}
   190 | D        | Entered arena 2.
   190 | D        | Noticed a jelly
   190 | D        | Noticed a jelly
   190 | D        | Noticed an eye of draining
   196 | D        | Killed a jelly
   196 | D        | Reached XP level 5. HP: 30/30 MP: 6/6
   197 | D        | Killed a jelly
   197 | D        | Reached skill level 5 in Throwing
   209 | D        | Killed an eye of draining
   209 | D        | Reached skill level 5 in Fighting
   209 | D        | Reached skill level 5 in Short Blades
   209 | D        | Reached skill level 12 in Stealth
   209 | D        | Reached XP level 6. HP: 35/35 MP: 2/7
   211 | D        | Got the amulet of Benevolence {Inacc Str+8 Int-5}
   262 | D        | Entered arena 3.
   262 | D        | Noticed a hell hound
   262 | D        | Noticed a hell hound
   266 | D        | Acquired Dithmenos's first power
   284 | D        | Killed a hell hound
   288 | D        | Killed a hell hound
   288 | D        | Acquired Dithmenos's second power
   288 | D        | Reached skill level 10 in Dodging
   288 | D        | Reached skill level 13 in Stealth
   425 | D        | Entered arena 4.
   425 | D        | Noticed a deep elf mage
   425 | D        | Noticed a deep elf mage
   425 | D        | Noticed a deep elf mage
   425 | D        | Noticed a deep elf mage
   428 | D        | Killed a deep elf mage
   428 | D        | Reached XP level 7. HP: 39/41 MP: 3/8
   429 | D        | Killed a deep elf mage
   430 | D        | Killed a deep elf mage
   430 | D        | Acquired Dithmenos's third power
   430 | D        | Reached skill level 14 in Stealth
   432 | D        | Killed a deep elf mage
   432 | D        | Reached XP level 8. HP: 42/46 MP: 3/9
   486 | D        | Entered arena 5.
   486 | D        | Noticed an eye of draining
   486 | D        | Noticed a quasit
   486 | D        | Noticed a crimson imp
   486 | D        | Noticed an iron imp
   490 | D        | Killed a quasit
   491 | D        | Killed an eye of draining
   492 | D        | Killed a crimson imp
   493 | D        | Killed an iron imp
   534 | D        | Entered arena 6.
   534 | D        | Noticed a shining eye
   534 | D        | Noticed a spriggan
   534 | D        | Noticed a shining eye
   534 | D        | Noticed a yak
   534 | D        | Noticed a purple ugly thing
   538 | D        | Killed a purple ugly thing
   538 | D        | Reached skill level 15 in Stealth
   540 | D        | Killed a spriggan
   540 | D        | Acquired Dithmenos's fourth power
   541 | D        | Killed a shining eye
   541 | D        | Reached XP level 9. HP: 49/51 MP: 5/10
   544 | D        | Noticed a trapdoor spider
   544 | D        | Killed a shining eye
   544 | D        | Reached skill level 10 in Throwing
   544 | D        | Reached skill level 16 in Stealth
   545 | D        | Killed a trapdoor spider
   545 | D        | Reached skill level 10 in Short Blades
   546 | D        | Killed a yak
   587 | D        | Entered arena 7.
   587 | D        | Noticed a jelly
   587 | D        | Noticed a slime creature
   587 | D        | Noticed a golden eye
   587 | D        | Noticed a jelly
   587 | D        | Noticed a golden eye
   587 | D        | Noticed a jelly
   601 | D        | Killed a golden eye
   611 | D        | Killed a golden eye
   617 | D        | Killed a slime creature
   619 | D        | Killed a jelly
   622 | D        | Killed a jelly
   631 | D        | Killed a jelly
   774 | D        | Entered arena 8.
   774 | D        | Noticed an orc knight
   774 | D        | Noticed a vault guard
   774 | D        | Noticed an ogre mage
   774 | D        | Noticed a vault guard
   774 | D        | Noticed an ice dragon
   774 | D        | Noticed a frost giant
   774 | D        | Noticed a hornet
   814 | D        | Killed a vault guard
   814 | D        | Reached skill level 17 in Stealth
   814 | D        | Reached XP level 10. HP: 53/58 MP: 5/11
   827 | D        | HP: 2/87 [vault guard/great mace (7)]
   828 | D        | Killed an orc knight
   828 | D        | Reached skill level 15 in Dodging
   833 | D        | HP: 2/58 [frost giant/battleaxe of freezing (30)]
   833 | D        | Slain by a frost giant

Vault maps used:
D:        sprint_v

Action                   |  1- 3 |  4- 6 |  7- 9 | 10-12 || total
-------------------------+-------+-------+-------+-------++-------
Melee: Quick blade       |    11 |     2 |     7 |       ||    20
       Dagger            |       |     6 |    41 |       ||    47
       Rapier            |       |    17 |    15 |    15 ||    47
 Fire: Blowgun           |       |     3 |     5 |       ||     8
Invok: Shadow Step       |       |     1 |     6 |       ||     7
  Use: Potion            |     3 |     3 |     6 |     2 ||    14
       Scroll            |       |       |     7 |       ||     7
 Stab: Sleeping          |       |     5 |    15 |       ||    20
